 Dungeon Crawl Stone Soup version 0.29.1-12-g30fa7ad0bf (webtiles) character file.

Game seed: 17964317203510826925

20 Alitron123 the Grave Robber (level 2, -1/19 HPs)
             Began as a Vampire Necromancer on Jan 14, 2023.
             Slain by an adder (3 damage)
             ... on level 2 of the Dungeon.
             The game lasted 00:09:54 (765 turns).

Alitron123 the Grave Robber (Vampire Necromancer)    Turns: 765, Time: 00:09:54

Health: -1/19      AC:  5    Str:  7    XL:     2   Next: 58%
Magic:  0/5        EV: 10    Int: 17    God:
Gold:   83         SH:  0    Dex: 14    Spells: 4/5 levels left

rFire   . . .      SeeInvis +   d - +0 short sword
rCold   . . .      Faith    .   (no shield)
rNeg    . . .      Spirit   .   f - +0 ring mail
rPois   .          Reflect  .   (no helmet)
rElec   .          Harm     .   (no cloak)
rCorr   .          Rampage  .   (no gloves)
Will    .....                   (no boots)
Stlth   ++........              (no amulet)
HPRegen 0.26/turn               (no ring)
MPRegen 0.09/turn               (no ring)

@: healing quickly
A: alive, fangs 3, see invisible, vampiric 1
a: Exsanguinate


You were on level 2 of the Dungeon.
You visited 1 branch of the dungeon, and saw 2 of its levels.

You collected 83 gold pieces.

Inventory:

Hand Weapons
 d - a +0 short sword (weapon)
 g - a +0 sling
Armour
 a - a +0 robe
 f - a +0 ring mail (worn)
Scrolls
 c - a scroll of identify {unknown}
 e - a scroll of amnesia {unknown}
 i - a scroll of noise {unknown}
Potions
 b - a potion of magic
 h - a potion of haste {unknown}


   Skills:
 + Level 0.2 Short Blades
 + Level 2.2 Dodging
 + Level 3.4 Stealth
 + Level 0.1 Unarmed Combat
 + Level 2.3 Spellcasting
 + Level 4.7 Necromancy


You had 4 spell levels left.
You knew the following spells:

 Your Spells              Type           Power      Damage    Failure   Level
a - Necrotise             Necr           72%        1d7       10%         1

Your spell library contained the following spells:

 Spells                   Type           Power      Damage    Failure   Level
 Vampiric Draining        Necr           18%        2d7       28%         3
 Animate Dead             Necr           18%        N/A       67%         4
 Gell's Gravitas          Tloc           2%         N/A       89%         3
 Teleport Other           Tloc           2%         N/A       89%         3
 Agony                    Necr           18%        N/A       95%         5
 Dispersal                Tloc           1%         N/A       100%        6


Dungeon Overview and Level Annotations

Branches:
Dungeon (2/15)

Altars:


Innate Abilities, Weirdness & Mutations

Your natural rate of healing is accelerated.
You have razor-sharp teeth.
You have supernaturally acute eyesight. (SInv)
You are afflicted with vampirism.


Message History

Casting: Necrotise (safe; 10% risk of failure)
Confirm with . or Enter, or press ? or * to list all spells.
Aiming: Necrotise (safe; 10% risk of failure)
Press: ? - help, Shift-Dir - straight line, f/p - worm
Aim: a worm (severely wounded, ally target, chance to affect: 81%)
The worm writhes in agony.
The adder bites you but does no damage.
Your goblin skeleton hits the worm but does no damage.
You catch the helpless worm completely off-guard!
You hit the worm.
You kill the worm!
The adder misses you. The adder bites you.
Your goblin skeleton hits the adder but does no damage.
You hit the adder.
The adder is lightly wounded.
The giant cockroach closely misses you. The adder bites you.
The giant cockroach waves its antennae.
The giant cockroach bites you but does no damage.
Your goblin skeleton barely misses the adder.
You completely miss the adder. Your bite misses the adder.
The adder bites you but does no damage. The giant cockroach barely misses you.
The adder bites you.
* * * LOW HITPOINT WARNING * * *
You are poisoned.
The adder poisons you!
Your goblin skeleton hits the adder but does no damage.
You closely miss the adder.
* * * LOW HITPOINT WARNING * * *
You feel sick.
Your goblin skeleton crumbles into dust!
The giant cockroach closely misses you. The adder barely misses you.
Casting: Necrotise (safe; 10% risk of failure)
Confirm with . or Enter, or press ? or * to list all spells.
You don't know that spell.
You closely miss the adder.
You feel sick. The giant cockroach barely misses you.
The adder bites you but does no damage. The giant cockroach closely misses you.
The adder bites you but does no damage.
You barely miss the adder.
You feel sick.
You are no longer poisoned.
The adder bites you.
You die...

#.# #.. ### #.#
..# #.# #.# #
#.###.###
#####.###.......
.....lS@...##.###
.###..B.........#
).....###.#.##..#
# ......
#.###.#..##.#
.##.. ..#
##......# #.....
##.#†.#### #....
#.....#
#..#####.####)#
#. .......<.#


You could see an adder, a giant cockroach and a frilled lizard.

Vanquished Creatures
  A worm (D:2)
  A bat (D:2)
  An endoplasm (D:1)
  2 giant cockroaches (D:1)
  A goblin (D:2)
  3 hobgoblins (D:1)
  A kobold (D:1)
  A ball python (D:1)
  2 frilled lizards (D:1)
  2 rats (D:1)
15 creatures vanquished.

Vanquished Creatures (collateral kills)
  A rat (D:2)
1 creature vanquished.

Vanquished Creatures (others)
  2 plants (D:1)
2 creatures vanquished.

Grand Total: 18 creatures vanquished

Notes
Turn   | Place    | Note
-------+----------+-------------------------------------------
     0 | D:1      | Alitron123 the Vampire Necromancer began the quest for the
                  | Orb.
     0 | D:1      | Reached XP level 1. HP: 13/13 MP: 3/3
   485 | D:1      | Reached XP level 2. HP: 10/19 MP: 5/5
   706 | D:1      | Found a faded altar of an unknown god.
   765 | D:2      | Slain by an adder

Illustrated notes

Levels and vault maps discovered:
D:1:      wander_arrival_lonely_grave, layout_basic, serial_forest,
          infiniplex_forest_straight_5, infiniplex_forest_clump_double,
          infiniplex_forest_end_2, infiniplex_forest_straight_1,
          infiniplex_forest_clump_long, infiniplex_forest_clump_double,
          infiniplex_forest_end_3, infiniplex_forest_clump_diagonal,
          serial_shops, shop, basic_ecumenical_altar
D:2:      layout_loops_ring, basic_altar, uniq_sigmund

Action                   || total
-------------------------++-------
Melee: Unarmed           ||    29
       Short sword       ||    23
       Bite              ||     4
 Cast: Necrotise         ||    15
  Use: Scroll            ||     1
 Stab: Sleeping          ||     2
       Distracted        ||     1
Armor: Robe              ||     8
       Ring mail         ||     7
Dodge: Dodged            ||    40
